 Dungeon Crawl Stone Soup version 0.30.0-10-gfe55d96785 (webtiles) character file.

Game seed: 12691193111691362793

4862 SnakkuSnakku7 the Spear-Bearer (level 10, -8/80 HPs)
             Began as a Formicid Enchanter on May 13, 2023.
             Was a Priest of Wu Jian.
             Asphyxiated
             ... on level 9 of the Dungeon.
             The game lasted 00:17:41 (10741 turns).

SnakkuSnakku7 the Spear-Bearer (FoEn)              Turns: 10741, Time: 00:17:41

Health: -8/80      AC: 10    Str: 23    XL:     10   Next: 78%
Magic:  13/13      EV: 12    Int: 15    God:    Wu Jian [***...]
Gold:   409        SH:  0    Dex: 14    Spells: 13/13 levels left

rFire   . . .        a - +2 bardiche
rCold   . . .        (no shield)
rNeg    . . .        r - +0 steam dragon scales
rPois   .            (helmet unavailable)
rElec   .            (no cloak)
rCorr   .            (no gloves)
SInv    +            k - +0 pair of boots
Will    +....        l - amulet of magic regeneration
Stlth   ++           j - +6 ring of strength
HPRegen 0.33/turn    f - +4 ring of protection
MPRegen 0.53/turn

%: no passive effects
@: lethally poisoned (-8 -> -35), invisible (expiring)
A: permanent stasis, dig shafts and tunnels, antennae 3, four strong arms
a: Dig, Shaft Self, Renounce Religion, Wall Jump, Serpent's Lash


You were on level 9 of the Dungeon.
You worshipped Wu Jian.
Wu Jian was most pleased with you.
You visited 1 branch of the dungeon, and saw 9 of its levels.

You collected 409 gold pieces.

Inventory:

Hand Weapons
 a - a +2 bardiche (weapon)
 b - a +1 trident
 e - a +0 halberd
Missiles
 w - a throwing net
 y - 12 poisoned darts (quivered)
Armour
 k - a +0 pair of boots (worn)
 p - a +2 robe of positive energy
 r - +0 steam dragon scales (worn)
Jewellery
 d - a +6 ring of strength
 f - a +4 ring of protection (right hand)
 h - a ring of fire
 j - a +6 ring of strength (left hand)
 l - an amulet of magic regeneration (around neck)
 t - a ring of resist corrosion
 z - a +6 ring of strength
Wands
 i - a wand of polymorph (13)
 q - a wand of mindburst (3)
Scrolls
 g - a scroll of summoning {unknown}
 v - a scroll of fear {unknown}
Potions
 c - 2 potions of invisibility
 m - 2 potions of heal wounds {unknown}
 n - 3 potions of curing
 o - 3 potions of brilliance {unknown}
 s - a potion of ambrosia
 u - 3 potions of magic {unknown}
 x - a potion of berserk rage {unknown}


   Skills:
 - Level 8.0 Fighting
 - Level 1.0 Short Blades
 - Level 0.8(8.0) Axes
 + Level 12.4(12.5) Polearms
 - Level 3.3 Throwing
 - Level 1.7 Dodging
 - Level 3.6 Stealth
 - Level 2.1 Spellcasting
 - Level 4.2 Hexes


You had 13 spell levels left.
You didn't know any spells.
Your spell library contained the following spells:

 Spells                   Type           Power      Damage    Failure   Level
 Confusing Touch          Hex            14%        N/A       12%         3
 Tukima's Dance           Hex            14%        N/A       12%         3
 Ensorcelled Hibernation  Hex/Ice        14%        N/A       14%         2
 Dazzling Flash           Conj/Hex       14%        N/A       28%         3
 Inner Flame              Hex/Fire       7%         N/A       28%         3
 Ignite Poison            Fire/Tmut/Pois 1%         N/A       54%         3
 Volatile Blastmotes      Fire/Tloc      2%         2d10      54%         3
 Flame Wave               Conj/Fire      1%         2d4       91%         4
 Iskenderun's Mystic Bla  Conj/Tloc      1%         2d3       91%         4
 Sticky Flame             Conj/Fire      1%         2d3       91%         4
 Silence                  Hex/Air        3%         N/A       95%         5
 Agony                    Necr           1%         N/A       99%         5
 Arcjolt                  Conj/Air       0%         1d10      99%         5
 Plasma Beam              Fire/Air       0%         2x1d11    100%        6
 Starburst                Conj/Fire      0%         6d3       100%        6
 Chain Lightning          Conj/Air       0%         2d1       100%        9
 Vhi's Electric Charge    Tloc/Air       Unusable   N/A       N/A         3

Dungeon Overview and Level Annotations

Branches:
Dungeon (9/15)             Temple (0/1) D:7
   Lair: D:8-11         Orc: D:9-12

Altars:
Cheibriados
Elyvilon
Makhleb
Wu Jian
Xom
Yredelemnul

Shops:
D:6 :

Annotations:
D:3 exclusion: hobgoblin, Sigmund
D:5 3 runed translucent doors, hawla's ghost, novice MeFE
D:9 exclusion: orange crystal statue


Innate Abilities, Weirdness & Mutations

You cannot be hasted, slowed, berserked, paralysed or teleported.
You can dig through walls and to a lower floor.
You have a pair of large antennae on your head. (SInv)
Your four strong arms can wield two-handed weapons with a shield.


Message History

You see here a killer bee corpse.
Reach: a) +2 bardiche
Press: ? - help, Dir - move target, f - killer bee
Aim: a killer bee (wandering, unable to see you, hasn't noticed you, about 64% to evade your +2 bardiche)
You reach to attack!
You miss the killer bee.
The killer bee buzzes angrily. x2
The killer bee misses you.
Reach: a) +2 bardiche
Press: ? - help, Dir - move target, f/p - killer bee
Aim: a killer bee (unable to see you, about 64% to evade your +2 bardiche)
You catch the helpless killer bee completely off-guard!
You slash the killer bee!
The killer bee is almost dead.
The kobold shouts!
The killer bee buzzes angrily.
The killer bee barely misses you. The killer bee stings you!
* * * LOW HITPOINT WARNING * * *
Reach: a) +2 bardiche
Press: ? - help, Dir - move target, f/p - killer bee
Aim: a killer bee (almost dead, unable to see you, about 64% to evade your +2 bardiche)
You slice the killer bee!!
You kill the killer bee!
The Council accepts your kill.
You flicker for a moment.
Reach: a) +2 bardiche
Press: ? - help, Dir - move target, f - kobold
Aim: a kobold, wielding a +0 short sword (unable to see you, about 44% to evade your +2 bardiche)
You slice the kobold!!
You kill the kobold!
The Council accepts your kill.
The kobold brigand throws a curare-tipped dart.
The curare-tipped dart hits you.
You are lethally poisoned!
You have difficulty breathing.
* * * LOW HITPOINT WARNING * * *
Your stasis prevents you from being slowed.
The kobold brigand throws a curare-tipped dart.
The curare-tipped dart hits you.
You are more poisoned.
You have difficulty breathing.
You die...

#. . .. .# .#
###. #... . #..
#.#.#.# #.#
...^.... #.#
.#.#.#.#
#)##........
#@#)#.#.#.#.
#)#...{.y...
##K.#{#.#.#.#
#.........y...
#..#.#.#.#.#.#
#..............
##..#.#.#.#.#.#.#
#................
#...#.#.#.#.#.#.#


You could see a kobold brigand (unable to see you).

Vanquished Creatures
  Pikel (D:4)
  A hornet (D:8)
  3 steam dragons
  An acid dragon (D:8)
  An ice beast (D:6)
  3 black bears
  2 orc warriors (D:8)
  3 sky beasts
  2 ogres (D:7)
  4 lemures
  4 centaurs
  A kobold brigand (D:9)
  A phantom (D:4)
  A gnoll sergeant (D:6)
  A bullfrog (D:8)
  6 scorpions
  3 wights (D:8)
  14 killer bees
  3 jellies
  4 orc priests
  2 gnoll boudas
  3 hounds
  2 iguanas
  A sleepcap (D:4)
  7 orc wizards
  23 gnolls
  4 adders
  A shadow imp (D:6)
  2 white imps (D:7)
  2 ufetubi (D:7)
  6 worms
  6 dart slugs
  22 orcs
  9 endoplasms
  A giant cockroach (D:4)
  6 goblins
  9 hobgoblins
  7 jackals
  23 kobolds
  3 quokkas
  5 ball pythons
  3 bats (D:1)
  2 frilled lizards
  5 rats
213 creatures vanquished.

Notes
Turn   | Place    | Note
-------+----------+-------------------------------------------
     0 | D:1      | SnakkuSnakku7 the Formicid Enchanter began the quest for
                  | the Orb.
     0 | D:1      | Reached XP level 1. HP: 13/13 MP: 3/3
     1 | D:1      | Noticed an electric eel
   182 | D:1      | Reached XP level 2. HP: 17/19 MP: 5/5
   555 | D:2      | Reached skill level 1 in Fighting
   569 | D:2      | Reached XP level 3. HP: 26/26 MP: 6/6
   754 | D:1      | Reached skill level 1 in Polearms
  1023 | D:1      | Reached XP level 4. HP: 29/33 MP: 7/7
  1057 | D:1      | You fall into a shaft and drop 1 floor!
  1831 | D:3      | Reached skill level 2 in Polearms
  1900 | D:3      | Noticed Sigmund
  1966 | D:3      | Found a basalt altar of Yredelemnul.
  1966 | D:3      | Found a faded altar of an unknown god.
  1973 | D:3      | Found a burning altar of Makhleb.
  1975 | D:3      | Found a shimmering altar of Xom.
  1976 | D:3      | Found an ornate altar of the Wu Jian Council.
  1992 | D:3      | Became a worshipper of the Wu Jian Council
  2214 | D:2      | Reached XP level 5. HP: 27/40 MP: 8/8
  2455 | D:4      | Noticed a phantom
  2778 | D:4      | Killed a phantom
  2779 | D:4      | Reached skill level 3 in Polearms
  2779 | D:4      | Reached XP level 6. HP: 36/48 MP: 9/9
  2909 | D:4      | Found a white marble altar of Elyvilon.
  3083 | D:4      | Noticed a black bear
  3091 | D:4      | Killed a black bear
  3092 | D:4      | Reached skill level 4 in Polearms
  3092 | D:4      | Reached XP level 7. HP: 44/55 MP: 10/10
  3173 | D:4      | Reached * piety under Wu Jian
  3238 | D:4      | Reached skill level 5 in Fighting
  3592 | D:4      | Noticed Pikel
  3605 | D:4      | Killed Pikel
  3606 | D:4      | Reached skill level 7 in Polearms
  3606 | D:4      | Reached XP level 8. HP: 29/62 MP: 11/11
  4282 | D:5      | Entered Level 5 of the Dungeon
  4358 | D:5      | Found a runed translucent gate.
  4363 | D:5      | Found a runed translucent gate.
  4369 | D:5      | Noticed hawla's ghost (novice MeFE)
  4370 | D:5      | Found a runed translucent gate.
  4371 | D:5      | Identified the +11 chain mail of the Wild Haggis {rC+
                  | Str+5}
  5064 | D:5      | Reached skill level 8 in Polearms
  5303 | D:6      | Reached skill level 1 in Throwing
  5798 | D:6      | Found Olijubb's Tremendous Tomes.
  5842 | D:6      | Reached XP level 9. HP: 68/68 MP: 12/12
  6231 | D:6      | Reached ** piety under Wu Jian
  6287 | D:6      | Reached skill level 9 in Polearms
  6623 | D:6      | Got the Vellum of Molten Air
  7636 | D:7      | Reached skill level 10 in Polearms
  7796 | D:7      | Reached XP level 10. HP: 62/79 MP: 13/13
  8039 | D:7      | Found a staircase to the Ecumenical Temple.
  8482 | D:8      | Found a snail-covered altar of Cheibriados.
  8716 | D:8      | Reached skill level 11 in Polearms
  8946 | D:8      | Reached *** piety under Wu Jian
  9626 | D:9      | Noticed an orange crystal statue
 10088 | D:9      | Reached skill level 12 in Polearms
 10741 | D:9      | HP: 3/80 [asphyx]
 10741 | D:9      | Asphyxiated

Illustrated notes

Levels and vault maps discovered:
D:1:      arrival_aquarium_a, layout_basic, chequers_serial_rivers_room_b
D:2:      layout_basic, minmay_bisected
D:3:      layout_basic, chequers_temple_overflow_minitemple,
          serial_bayou_pond_e, serial_park_tiny_pond, uniq_sigmund
D:4:      minmay_diamond_boxcup, layout_basic, elyvilon_altar_5, uniq_pikel
D:5:      layout_layer_cave, biasface_ghost_orc_armoury,
          kennysheep_generic_room_15
D:6:      layout_gridville, nicolae_shop_i_like_big_books
D:7:      layout_cave_pods, minmay_temple_entry_poolview
D:8:      layout_layer_cave, mainiacjoe_overflow_brackets
D:9:      layout_rooms, hex_large, minmay_protected_statue

Skill      XL: |  1  2  3  4  5  6  7  8  9 10 |
---------------+-------------------------------+-----
Hexes          | 4 |  4.2
Fighting       | 1 2 4 5 7 8 |  8.0
Polearms       | 1 2 3 4 7 8 10 12 | 12.4
Throwing       | 2 3 |  3.3
Short Blades   | |  1.0
Axes           | |  0.8
Dodging        | |  1.7
Stealth        | |  3.6
Spellcasting   | |  2.1

Action                     |  1- 3 |  4- 6 |  7- 9 | 10-12 || total
---------------------------+-------+-------+-------+-------++-------
  Melee: Dagger            |    43 |       |       |       ||    43
         Trident           |    81 |   176 |   228 |       ||   485
         Punch             |       |       |     5 |       ||     5
         Halberd           |       |       |   120 |       ||   120
         Bardiche          |       |       |    35 |   199 ||   234
  Throw: Throwing net      |       |       |     1 |       ||     1
Ability: Dig               |     1 |       |       |       ||     1
         Whirlwind         |       |       |     5 |     3 ||     8
         Lunge             |       |       |       |     1 ||     1
  Evoke: Wand              |       |     6 |     8 |     1 ||    15
    Use: Scroll            |       |     2 |     6 |     3 ||    11
         Potion            |       |       |     3 |     4 ||     7
   Stab: Sleeping          |     5 |     6 |     7 |     7 ||    25
         Distracted        |       |       |     1 |       ||     1
         Invisible         |       |       |     3 |     1 ||     4
 Armour: Robe              |    15 |    32 |    71 |     9 ||   127
         Leather armour    |       |     3 |       |       ||     3
         Skin              |       |       |    11 |    58 ||    69
         Steam dragon scal |       |       |       |    96 ||    96
  Dodge: Dodged            |    76 |   107 |   180 |   193 ||   556
